| TOP OF THE 1ST |
|
Miami Whales batting - Pitching for Fort Myers Palms : LHP Mel Estrada
|
|
Pitching: LHP Mel Estrada
|
|
|
Batting: SHB Philip Rossi
|
0-0: Ball 1-0: Ground out 6-3 (Groundball, P, EV 92.5 MPH)
|
|
Batting: RHB Alex Dominguez
|
0-0: Foul Ball, location: 2F 0-1: Called Strike 0-2: Ball 1-2: Reached on error, E6 (Groundball, 56, EV 100.6 MPH)
|
|
Batting: RHB Tom Grant
|
0-0: Ball 1-0: Ball 2-0: Ball 3-0: Called Strike 3-1: Foul Ball, location: 2F 3-2: DOUBLE (Groundball, 3L, EV 100.0 MPH) Alex Dominguez to third Runner from 3rd tries for Home, SAFE, no throw by RF
|
|
Batting: RHB Rafael Ortega
|
0-0: Fly out, F9 (Flyball, 89M, EV 90.0 MPH)
|
|
Batting: LHB Lorenzo Bundy
|
0-0: Ball 1-0: 2-RUN HOME RUN (Flyball, 7D, EV 98.1 MPH), Distance : 368 ft
|
|
Batting: RHB Ramon Cardenas
|
0-0: Called Strike 0-1: Called Strike 0-2: SINGLE (Line Drive, 6M, EV 98.1 MPH)
|
|
Batting: RHB Patrick Rubino
|
0-0: Ball 1-0: Ball 2-0: SINGLE (Groundball, 34D, EV 103.1 MPH) Ramon Cardenas to second Runner from 2nd tries for 3rd, SAFE, throw by RF made to third
|
|
Batting: RHB Scott Christopher
|
0-0: Ball 1-0: Ground out 4-3 (Groundball, 34, EV 81.3 MPH)
|
| Top of the 1st over - 3 runs, 4 hits, 1 error, 2 left on base; Miami 3 - Fort Myers 0 |
| BOTTOM OF THE 1ST |
|
Fort Myers Palms batting - Pitching for Miami Whales : LHP David Wells
|
|
Pitching: LHP David Wells
|
|
|
Batting: RHB Stanley Baker
|
0-0: Ground out 5-3 (Groundball, 56S, EV 65.6 MPH)
|
|
Batting: RHB Johnny Evans
|
0-0: Fly out, F9 (Flyball, 9, EV 82.5 MPH)
|
|
Batting: LHB Gus Burgess
|
0-0: Foul Ball, location: 2F 0-1: Foul Ball, location: 2F 0-2: Fly out, F8 (Line Drive, 8RD, EV 95.0 MPH)
|
| Bottom of the 1st over - 0 runs, 0 hits, 0 errors, 0 left on base; Miami 3 - Fort Myers 0 |
| TOP OF THE 2ND |
|
Miami Whales batting - Pitching for Fort Myers Palms : LHP Mel Estrada
|
|
Batting: SHB Ramon Alcantara
|
0-0: Called Strike 0-1: Foul Ball, location: 2F 0-2: Ball 1-2: Foul Ball, location: 2F 1-2: Foul Ball, location: 2F 1-2: Foul Ball, location: 2F 1-2: Foul Ball, location: 2F 1-2: Fly out, F6 (Popup, P, EV 74.4 MPH)
|
|
Batting: SHB Philip Rossi
|
0-0: Called Strike 0-1: Ball 1-1: Ball 2-1: Foul Ball, location: 2F 2-2: Ground out 6-3 (Groundball, 6, EV 90.0 MPH)
|
|
Batting: RHB Alex Dominguez
|
0-0: SINGLE (Line Drive, 8RS, EV 94.4 MPH)
|
|
Batting: RHB Tom Grant
|
0-0: Ball Pickoff Throw by Catcher to First - Out!
|
| Top of the 2nd over - 0 runs, 1 hit, 0 errors, 0 left on base; Miami 3 - Fort Myers 0 |
| BOTTOM OF THE 2ND |
|
Fort Myers Palms batting - Pitching for Miami Whales : LHP David Wells
|
|
Batting: RHB Lindon Duncan
|
0-0: Called Strike 0-1: Ground out 5-3 (Groundball, 56, EV 85.6 MPH)
|
|
Batting: RHB Matt Sinatro
|
0-0: Foul Ball, location: 2F 0-1: Ball 1-1: Called Strike 1-2: Foul Ball, location: 2F 1-2: Foul Ball, location: 2F 1-2: Foul Ball, location: 2F 1-2: Foul Ball, location: 2F 1-2: Strikes out swinging, 2-3 out at first.
|
|
Batting: RHB Jay Greb
|
0-0: Called Strike 0-1: Swinging Strike 0-2: Strikes out swinging
|
| Bottom of the 2nd over - 0 runs, 0 hits, 0 errors, 0 left on base; Miami 3 - Fort Myers 0 |
| TOP OF THE 3RD |
|
Miami Whales batting - Pitching for Fort Myers Palms : LHP Mel Estrada
|
|
Batting: RHB Tom Grant
|
0-0: Called Strike 0-1: Ball 1-1: Ball 2-1: Ball 3-1: Foul Ball, location: 2F 3-2: Foul Ball, location: 2F 3-2: Strikes out looking
|
|
Batting: RHB Rafael Ortega
|
0-0: Ball 1-0: Called Strike 1-1: Fly out, F8 (Flyball, 8LD, EV 101.9 MPH)
|
|
Batting: LHB Lorenzo Bundy
|
0-0: Called Strike 0-1: Fly out, F7 (Flyball, 7LM, EV 91.9 MPH)
|
| Top of the 3rd over - 0 runs, 0 hits, 0 errors, 0 left on base; Miami 3 - Fort Myers 0 |
| BOTTOM OF THE 3RD |
|
Fort Myers Palms batting - Pitching for Miami Whales : LHP David Wells
|
|
Batting: RHB Carl Nichols
|
0-0: Ball 1-0: Ball 2-0: Called Strike 2-1: Ball 3-1: Fly out, F8 (Flyball, 8RM, EV 93.8 MPH)
|
|
Batting: LHB Edgar Quintanilla
|
0-0: Called Strike 0-1: Foul Ball, location: 2F 0-2: Strikes out swinging
|
|
Batting: SHB Porter Wyatt
|
0-0: Foul Ball, location: 2F 0-1: Foul Ball, location: 2F 0-2: Fly out, F8 (Line Drive, 8LD, EV 92.5 MPH)
|
| Bottom of the 3rd over - 0 runs, 0 hits, 0 errors, 0 left on base; Miami 3 - Fort Myers 0 |
| TOP OF THE 4TH |
|
Miami Whales batting - Pitching for Fort Myers Palms : LHP Mel Estrada
|
|
Batting: RHB Ramon Cardenas
|
0-0: Ball 1-0: SINGLE (Groundball, 6MD, EV 104.4 MPH)
|
|
Batting: RHB Patrick Rubino
|
0-0: Ball 1-0: Ball 2-0: Called Strike 2-1: Foul Ball, location: 2F 2-2: SINGLE (Line Drive, 8LS, EV 108.8 MPH) Ramon Cardenas to second
|
|
Batting: RHB Scott Christopher
|
0-0: Foul Ball, location: 2F 0-1: Ball 1-1: SINGLE (Groundball, 4MD, EV 101.9 MPH) Ramon Cardenas to third Patrick Rubino to second Runner from 3rd tries for Home, SAFE, throw by CF to home
|
|
Batting: SHB Ramon Alcantara
|
0-0: Ball 1-0: Foul Ball, location: 2F 1-1: Grounds into double play, 4-6-3 (Groundball, 4S, EV 81.3 MPH) Patrick Rubino to third
|
|
Batting: SHB Philip Rossi
|
0-0: Foul Ball, location: 2F 0-1: Ball 1-1: SINGLE (Line Drive, 78M, EV 95.6 MPH) Patrick Rubino scores
|
|
Pitching: RHP Steve Dunnegan
|
|
|
Batting: RHB Alex Dominguez
|
0-0: Ball Philip Rossi steals 2nd base 1-0: Called Strike 1-1: Foul Ball, location: 2F 1-2: SINGLE (Groundball, 6D, EV 96.3 MPH) Philip Rossi to third Runner from 3rd tries for Home, SAFE, throw by CF to home
|
|
Now in CF: David Sullivan
|
|
|
Batting: RHB Tom Grant
|
0-0: DOUBLE (Line Drive, 9LM, EV 88.1 MPH) Alex Dominguez to third
|
|
Batting: RHB Rafael Ortega
|
0-0: Foul Ball, location: 2F 0-1: Ground out 4-3 (Groundball, 4, EV 105.6 MPH)
|
| Top of the 4th over - 3 runs, 6 hits, 0 errors, 2 left on base; Miami 6 - Fort Myers 0 |
| BOTTOM OF THE 4TH |
|
Fort Myers Palms batting - Pitching for Miami Whales : LHP David Wells
|
|
Batting: RHB Stanley Baker
|
0-0: Called Strike 0-1: Called Strike 0-2: Ball 1-2: Ball 2-2: Foul Ball, location: 2F 2-2: DOUBLE (Flyball, 8RD, EV 103.1 MPH)
|
|
Batting: RHB Johnny Evans
|
0-0: Fly out, F8 (Line Drive, 8RM, EV 99.4 MPH)
|
|
Batting: LHB Gus Burgess
|
0-0: Foul Ball, location: 2F 0-1: Ball 1-1: Foul Ball, location: 2F 1-2: Ball 2-2: Foul Ball, location: 2F 2-2: Foul Ball, location: 2F 2-2: SINGLE (Groundball, 6, EV 94.4 MPH) Stanley Baker to third Runner from 3rd tries for Home, SAFE, throw by CF to home
|
|
Batting: RHB Lindon Duncan
|
0-0: Ball 1-0: Ball 2-0: Ball 3-0: Called Strike 3-1: Grounds into double play, 6-4-3 (Groundball, 6, EV 101.9 MPH)
|
| Bottom of the 4th over - 1 run, 2 hits, 0 errors, 0 left on base; Miami 6 - Fort Myers 1 |
| TOP OF THE 5TH |
|
Miami Whales batting - Pitching for Fort Myers Palms : RHP Steve Dunnegan
|
|
Batting: LHB Lorenzo Bundy
|
0-0: Foul Ball, location: 2F 0-1: Swinging Strike 0-2: Ball 1-2: Ball 2-2: SINGLE (Line Drive, 6MD, EV 96.3 MPH)
|
|
Batting: RHB Ramon Cardenas
|
0-0: Foul Ball, location: 2F 0-1: Ball 1-1: Ball 2-1: Foul Ball, location: 2F 2-2: Foul Ball, location: 2F 2-2: Ball 3-2: Foul Ball, location: 2F 3-2: Foul Ball, location: 2F 3-2: Base on Balls Lorenzo Bundy to second
|
|
Batting: RHB Patrick Rubino
|
0-0: Ball 1-0: Called Strike 1-1: Swinging Strike 1-2: Ball 2-2: Ball 3-2: Foul Ball, location: 2F 3-2: Base on Balls Lorenzo Bundy to third Ramon Cardenas to second
|
|
Batting: RHB Scott Christopher
|
0-0: Ball 1-0: Ball 2-0: Ball 3-0: Called Strike 3-1: Grounds into double play, 6-4-3 (Groundball, 6, EV 83.1 MPH) Lorenzo Bundy scores Ramon Cardenas to third
|
|
Batting: SHB Ramon Alcantara
|
0-0: Ball 1-0: Ball 2-0: Ball 3-0: Base on Balls
|
|
Batting: SHB Philip Rossi
|
0-0: Called Strike 0-1: Ball 1-1: Ground out 6-3 (Groundball, 6MD, EV 103.1 MPH)
|
| Top of the 5th over - 1 run, 1 hit, 0 errors, 2 left on base; Miami 7 - Fort Myers 1 |
| BOTTOM OF THE 5TH |
|
Fort Myers Palms batting - Pitching for Miami Whales : LHP David Wells
|
|
Batting: RHB Matt Sinatro
|
0-0: Foul Ball, location: 2F 0-1: Fly out, F8 (Flyball, 8RS, EV 83.1 MPH)
|
|
Batting: RHB Jay Greb
|
0-0: Ball 1-0: Fly out, F7 (Flyball, 7, EV 91.9 MPH)
|
|
Batting: RHB Carl Nichols
|
0-0: Ground out 4-3 (Groundball, 4M, EV 106.9 MPH)
|
| Bottom of the 5th over - 0 runs, 0 hits, 0 errors, 0 left on base; Miami 7 - Fort Myers 1 |
| TOP OF THE 6TH |
|
Miami Whales batting - Pitching for Fort Myers Palms : RHP Steve Dunnegan
|
|
Batting: RHB Alex Dominguez
|
0-0: Fly out, F9 (Flyball, 9LM, EV 89.4 MPH)
|
|
Batting: RHB Tom Grant
|
0-0: Called Strike 0-1: Ball 1-1: Swinging Strike 1-2: Foul Ball, location: 2F 1-2: Ball 2-2: Foul Ball, location: 2F 2-2: Ball 3-2: Foul Ball, location: 2F 3-2: Ground out 6-3 (Groundball, 6, EV 78.8 MPH)
|
|
Batting: RHB Rafael Ortega
|
0-0: SOLO HOME RUN (Flyball, 7LD, EV 103.1 MPH), Distance : 356 ft
|
|
Batting: LHB Lorenzo Bundy
|
0-0: Foul Ball, location: 2F 0-1: Foul Ball, location: 2F 0-2: Ball 1-2: Ball 2-2: Foul Ball, location: 2F 2-2: Fly out, F8 (Line Drive, 8LD, EV 107.5 MPH)
|
| Top of the 6th over - 1 run, 1 hit, 0 errors, 0 left on base; Miami 8 - Fort Myers 1 |
| BOTTOM OF THE 6TH |
|
Fort Myers Palms batting - Pitching for Miami Whales : LHP David Wells
|
|
Batting: LHB Edgar Quintanilla
|
0-0: Foul Ball, location: 2F 0-1: Ground out 4-3 (Groundball, 4S, EV 80.6 MPH)
|
|
Batting: RHB David Sullivan
|
0-0: Ball 1-0: Called Strike 1-1: Fly out, F9 (Flyball, 9LM, EV 81.9 MPH)
|
|
Batting: RHB Stanley Baker
|
0-0: Ball 1-0: Foul Ball, location: 2F 1-1: Ball 2-1: Called Strike 2-2: Ball 3-2: Base on Balls
|
|
Batting: RHB Johnny Evans
|
0-0: Ball 1-0: Foul Ball, location: 2F 1-1: Foul Ball, location: 2F 1-2: Ball 2-2: Ground out U3 (Groundball, 34, EV 102.5 MPH)
|
| Bottom of the 6th over - 0 runs, 0 hits, 0 errors, 1 left on base; Miami 8 - Fort Myers 1 |
| TOP OF THE 7TH |
|
Miami Whales batting - Pitching for Fort Myers Palms : RHP Steve Dunnegan
|
|
Pinch Hitting: LHB Brad Garnett
|
0-0: SOLO HOME RUN (Flyball, 9D, EV 103.1 MPH), Distance : 366 ft
|
|
Batting: RHB Patrick Rubino
|
0-0: Ball 1-0: Ball 2-0: Called Strike 2-1: Foul Ball, location: 2F 2-2: Ground out 4-3 (Groundball, 34D, EV 93.8 MPH)
|
|
Pitching: RHP Ignacio Martinez
|
|
|
Batting: RHB Scott Christopher
|
0-0: Ball 1-0: Ball 2-0: Called Strike 2-1: SINGLE (Line Drive, 8LS, EV 98.8 MPH)
|
|
Batting: SHB Ramon Alcantara
|
0-0: Ball 1-0: Foul Ball, location: 2F 1-1: Foul Ball, location: 2F 1-2: Ball 2-2: Ball 3-2: Grounds into double play, 4-6-3 (Groundball, 4, EV 93.1 MPH)
|
| Top of the 7th over - 1 run, 2 hits, 0 errors, 0 left on base; Miami 9 - Fort Myers 1 |
| BOTTOM OF THE 7TH |
|
Fort Myers Palms batting - Pitching for Miami Whales : LHP David Wells
|
|
Now in RF: Brad Garnett
|
|
|
Batting: LHB Gus Burgess
|
0-0: Ball 1-0: Foul Ball, location: 2F 1-1: Ground out 1-3 (Groundball, 15S, EV 65.6 MPH)
|
|
Batting: RHB Lindon Duncan
|
0-0: Ball 1-0: Swinging Strike 1-1: Called Strike 1-2: Ball 2-2: Ball 3-2: Base on Balls
|
|
Batting: RHB Matt Sinatro
|
0-0: Fielders Choice at 2nd, 3-6 (Groundball, 34S, EV 84.4 MPH)
|
|
Batting: RHB Jay Greb
|
0-0: Ball 1-0: Ball 2-0: Called Strike 2-1: Called Strike 2-2: Strikes out swinging
|
| Bottom of the 7th over - 0 runs, 0 hits, 0 errors, 1 left on base; Miami 9 - Fort Myers 1 |
| TOP OF THE 8TH |
|
Miami Whales batting - Pitching for Fort Myers Palms : RHP Ignacio Martinez
|
|
Batting: SHB Philip Rossi
|
0-0: Ball 1-0: SINGLE (Line Drive, 89S, EV 102.5 MPH)
|
|
Batting: RHB Alex Dominguez
|
0-0: Called Strike 0-1: Fielders Choice at 2nd, 5-4 (Groundball, 56, EV 101.9 MPH)
|
|
Batting: RHB Tom Grant
|
0-0: Fly out, F9 (Flyball, 9LS, EV 82.5 MPH)
|
|
Batting: RHB Rafael Ortega
|
0-0: Ball 1-0: SINGLE (Line Drive, 56, EV 98.1 MPH) Alex Dominguez to second
|
|
Batting: LHB Lorenzo Bundy
|
0-0: Ball 1-0: Fly out, F8 (Flyball, 8RD, EV 98.1 MPH)
|
| Top of the 8th over - 0 runs, 2 hits, 0 errors, 2 left on base; Miami 9 - Fort Myers 1 |
| BOTTOM OF THE 8TH |
|
Fort Myers Palms batting - Pitching for Miami Whales : LHP David Wells
|
|
Batting: RHB Carl Nichols
|
0-0: Called Strike 0-1: SINGLE (Flyball, 8RS, EV 88.8 MPH)
|
|
Batting: LHB Edgar Quintanilla
|
0-0: Called Strike 0-1: Grounds into double play, 4-6-3 (Groundball, 4, EV 86.3 MPH)
|
|
Batting: RHB David Sullivan
|
0-0: Ball 1-0: Ball 2-0: Swinging Strike 2-1: Called Strike 2-2: Strikes out looking
|
| Bottom of the 8th over - 0 runs, 1 hit, 0 errors, 0 left on base; Miami 9 - Fort Myers 1 |
| TOP OF THE 9TH |
|
Miami Whales batting - Pitching for Fort Myers Palms : RHP Ignacio Martinez
|
|
Batting: LHB Brad Garnett
|
0-0: Ball 1-0: Ground out U3 (Groundball, 3L, EV 83.8 MPH)
|
|
Batting: RHB Patrick Rubino
|
0-0: Foul Ball, location: 2F 0-1: Ball 1-1: SINGLE (Line Drive, 34D, EV 94.4 MPH)
|
|
Batting: RHB Scott Christopher
|
0-0: Ball 1-0: SINGLE (Groundball, 34D, EV 101.9 MPH) Patrick Rubino to second
|
|
Batting: SHB Ramon Alcantara
|
0-0: Called Strike 0-1: Fly out, F7 (Flyball, 7D, EV 103.1 MPH)
|
|
Batting: SHB Philip Rossi
|
0-0: Ball 1-0: Fly out, F8 (Flyball, 89D, EV 95.6 MPH)
|
| Top of the 9th over - 0 runs, 2 hits, 0 errors, 2 left on base; Miami 9 - Fort Myers 1 |
| BOTTOM OF THE 9TH |
|
Fort Myers Palms batting - Pitching for Miami Whales : LHP David Wells
|
|
Batting: RHB Stanley Baker
|
0-0: Called Strike 0-1: Swinging Strike 0-2: Ball 1-2: Strikes out looking
|
|
Batting: RHB Johnny Evans
|
0-0: Called Strike 0-1: Called Strike 0-2: Ball 1-2: Ground out 4-3 (Groundball, 34, EV 103.1 MPH)
|
|
Batting: LHB Gus Burgess
|
0-0: Ball 1-0: Ball 2-0: Swinging Strike 2-1: Ball 3-1: Called Strike 3-2: Base on Balls
|
|
Batting: RHB Lindon Duncan
|
0-0: Ball 1-0: Reached on error, E6 (Groundball, 6, EV 98.8 MPH) Gus Burgess to second
|
|
Batting: RHB Matt Sinatro
|
0-0: Ball 1-0: Ball 2-0: Ball 3-0: Base on Balls Gus Burgess to third Lindon Duncan to second
|
|
Pitching: RHP Michael Befort
|
|
|
Batting: RHB Jay Greb
|
0-0: Fly out, F3 (Popup, 3SF, EV 76.9 MPH)
|
| Bottom of the 9th over - 0 runs, 0 hits, 1 error, 3 left on base; Miami 9 - Fort Myers 1 |
|